 Dungeon Crawl Stone Soup version 0.18.1-48-g4cf74bf (webtiles) character file.

332 Joat the Skirmisher (level 6, -3/56 HPs)
             Began as a Hill Orc Fighter on Aug 6, 2016.
             Was an Initiate of Beogh.
             Killed by divine providence
             ... invoked by an orc priest
              (14 damage)
             ... on level 4 of the Dungeon.
             The game lasted 00:16:53 (2744 turns).

Joat the Skirmisher (Hill Orc Fighter)              Turns: 2744, Time: 00:16:54

Health: -3/56      AC:  8    Str: 19    XL:     6   Next: 52%
Magic:  6/6        EV:  8    Int: 10    God:    Beogh [......]
Gold:   169        SH: 10    Dex: 10    Spells: 0 memorised, 5 levels left

rFire  . . .     SeeInvis .     h - +2 dagger (venom)
rCold  . . .     Gourm    .     b - +0 scale mail
rNeg   . . .     Faith    .     c - +0 shield
rPois  .         Spirit   .     v - +0 helmet
rElec  .         Dismiss  .     (no cloak)
rCorr  .         Reflect  .     (no gloves)
SustAt .         Harm     .     (no boots)
MR     .....                    (no amulet)
Stlth  ..........               (no ring)
                                (no ring)

@: not resistant to hostile enchantments, extremely unstealthy
A: no striking features
a: Renounce Religion


You were on level 4 of the Dungeon.
You worshipped Beogh.
Beogh was noncommittal.
You were not hungry.

You visited 1 branch of the dungeon, and saw 4 of its levels.

You collected 169 gold pieces.

Inventory:

Hand Weapons
 a - a +0 war axe
 h - a +2 dagger of venom (weapon)
Missiles
 p - 2 javelins (quivered)
 s - 2 needles of confusion
Armour
 b - a +0 scale mail (worn)
 c - a +0 shield (worn)
 v - a +0 helmet (worn)
Scrolls
 e - 3 scrolls of remove curse
 k - 2 scrolls of amnesia {unknown}
 m - a scroll of immolation {unknown}
 o - a scroll of enchant armour {unknown}
 r - a scroll of recharging {unknown}
 u - a scroll of blinking {unknown}
 w - 3 scrolls of teleportation {unknown}
Potions
 d - a potion of might
 g - 2 potions of agility {unknown}
 l - 2 potions of ambrosia {unknown}
 q - a potion of curing {unknown}
Comestibles
 f - 3 bread rations
 i - 2 meat rations
 j - a slice of pizza
 n - a royal jelly
 t - 3 chunks of flesh


   Skills:
 * Level 5.3 Fighting
 - Level 4.5 Axes
 * Level 4.3 Armour
 + Level 1.4 Dodging
 * Level 4.8 Shields


You had 5 spell levels left.
You didn't know any spells.

Dungeon Overview and Level Annotations

Branches:
Dungeon (4/15)
 Temple: D:4-7

Altars:
Cheibriados
Kikubaaqudgha
Ru


Message History

Pain shoots through your body!
The orc priest invokes the aid of Beogh against you.
Pain shoots through your body!
Okay, then.
The orc priest casts a cantrip, but nothing happens.
The orc priest calls down the wrath of Beogh upon you.
Beogh smites you!
The orc priest casts a cantrip, but nothing happens.
There is an escape hatch in the floor here.
The orc priest looks braver for a moment.
The orc priest mumbles some strange prayers to Beogh against you.
Pain shoots through your body!
The orc priest casts a cantrip, but nothing happens.
The orc priest mumbles some strange prayers to Beogh against you.
Beogh smites you!
* * * LOW HITPOINT WARNING * * *
The orc priest invokes the aid of Beogh against you.
Beogh smites you!
You die...
Beogh appreciates the orc priest's killing of a heretic priest.

#......o...# #........
#.####o###.# #.##.##.. #.#
#.# #.#####.##.##.# #.#
#.# #.......##.##.# #.#
#.# ####.#####.##.# #.#
#.# #.......##.. ###.# #.#
#........... #...#
#.#######.#........ #.###
#.@.......>.#####.. #.#
##########.## #.. #.# #.#
#.. #.# #.# ####.. #.#
###.###..... #.#
########...........
#.######........#.........
#...............#.........
########.######.#.........


You could see an orc priest.

Vanquished Creatures
  A phantom (D:3)
  A scorpion (D:2)
  A hound (D:4)
  A giant frog skeleton (D:4)
  A worker ant (D:4)
  3 adders
  An ooze (D:1)
  A dart slug (D:3)
  A giant gecko (D:2)
  An orc (D:3)
  A ball python (D:1)
  8 bats
  3 giant cockroaches
  9 goblins
  8 hobgoblins
  15 jackals
  5 kobolds
  2 quokkas (D:3)
  4 giant newts
  9 rats
76 creatures vanquished.

Notes
Turn   | Place    | Note
--------------------------------------------------------------
     0 | D:1      | Joat the Hill Orc Fighter began the quest for the Orb.
     0 | D:1      | Reached XP level 1. HP: 19/19 MP: 1/1
    27 | D:1      | Reached XP level 2. HP: 22/27 MP: 2/2
   528 | D:1      | Reached XP level 3. HP: 33/33 MP: 3/3
   716 | D:2      | Reached skill level 4 in Fighting
   913 | D:2      | Found a faded altar to an unknown god.
   943 | D:2      | You fall through a shaft for 2 floors!
   943 | D:4      | Noticed a scorpion
   959 | D:2      | Found a sacrificial altar of Ru.
  1383 | D:2      | Killed a scorpion
  1383 | D:2      | Reached XP level 4. HP: 40/40 MP: 4/4
  1587 | D:3      | Reached XP level 5. HP: 33/47 MP: 5/5
  1749 | D:3      | Noticed a phantom
  1847 | D:3      | Killed a phantom
  1906 | D:3      | Reached skill level 1 in Dodging
  1926 | D:3      | Found a snail-covered altar of Cheibriados.
  1936 | D:3      | Reached XP level 6. HP: 30/55 MP: 6/6
  2239 | D:3      | Found an ancient bone altar of Kikubaaqudgha.
  2337 | D:4      | Reached skill level 5 in Fighting
  2604 | D:4      | Became a worshipper of Beogh the Brigand
  2744 | D:4      | Killed from afar by an orc priest

Skill      XL: |  1  2  3  4  5  6 |
---------------+-------------------+-----
Axes           | 3 4 |  4.5
Fighting       | 4 5 |  5.3
Shields        | 4 |  4.8
Armour         | 4 |  4.3
Dodging        | 1 |  1.4

Action                   |  1- 3 |  4- 6 || total
-------------------------+-------+-------++-------
Melee: War axe           |    13 |     8 ||    21
       Dagger            |   110 |   134 ||   244
Invok: Convert to Beogh  |       |     1 ||     1
  Use: Scroll            |       |     1 ||     1
  Eat: Chunk             |     2 |     4 ||     6
Armor: Scale mail        |    64 |    61 ||   125
Dodge: Dodged            |    44 |    44 ||    88
Block: Shield            |    91 |    58 ||   149
